 Dungeon Crawl Stone Soup version 0.22-a0-351-g29664b4 (webtiles) character file.

22876 vishdafish the Spear-Bearer (level 12, -6/93 HPs)
             Began as a Demonspawn Skald on Apr 12, 2018.
             Was an Elder of Vehumet.
             Shot with a bolt by a yaktaur (20 damage)
             ... on level 11 of the Dungeon.
             The game lasted 00:56:32 (23215 turns).

vishdafish the Spear-Bearer (Demonspawn Skald)     Turns: 23215, Time: 00:56:33

Health: -6/93      AC: 14    Str: 15    XL:     12   Next: 66%
Magic:  0/20       EV: 14    Int: 18    God:    Vehumet [****..]
Gold:   839        SH:  8    Dex: 14    Spells: 1/21 levels left

rFire    + . .     SeeInvis .   A - +2 trident (freeze)
rCold    . . .     Gourm    .   c - +0 buckler
rNeg     + . .     Faith    .   y - +3 ring mail {MR+}
rPois    .         Spirit   +   (helmet unavailable)
rElec    .         Reflect  +   k - +0 cloak
rCorr    .         Harm     .   u - +0 pair of gloves
MR       +....                  i - +1 pair of boots
Stlth    +.........             w - +3 amulet of reflection
HPRegen  0.00/turn              D - +3 ring of strength
MPRegen  0.34/turn              q - ring of positive energy

@: singing
A: horns 3, fire resistance 1, mutation resistance 1, inhibited regeneration,
wild magic 1, magic shield, magic regeneration, magic link
a: Renounce Religion


You were on level 11 of the Dungeon.
You worshipped Vehumet.
Vehumet was greatly pleased with you.
You were hungry.

You visited 3 branches of the dungeon, and saw 16 of its levels.

You collected 839 gold pieces.

Inventory:

Hand Weapons
 a - a +0 spear
 e - a +1 short sword of venom
 p - a +1 whip of venom
 v - a +2 quarterstaff of chaos
 A - a +2 trident of freezing (weapon)
 I - a +0 blowgun
Missiles
 H - 3 curare-tipped needles
Armour
 b - a +0 leather armour
 c - a +0 buckler (worn)
 i - a +1 pair of boots (worn)
 k - a +0 cloak (worn)
 s - a +1 ring mail of poison resistance
 u - a +0 pair of gloves (worn)
 y - a +3 ring mail of magic resistance (worn)
Magical Staves
 g - an uncursed staff of wizardry
 o - an uncursed staff of summoning
Jewellery
 q - a ring of positive energy (right hand)
 w - a +3 amulet of reflection (around neck)
 D - a +3 ring of strength (left hand)
 E - an uncursed ring of see invisible
 K - an uncursed ring of stealth
Wands
 m - a wand of polymorph (26)
 L - a wand of paralysis (4)
 M - a wand of digging (15)
Scrolls
 f - a scroll of random uselessness
 j - a scroll of identify
 l - 3 scrolls of remove curse
 n - 3 scrolls of immolation
 r - 6 scrolls of enchant armour
 B - 2 scrolls of amnesia
 G - a scroll of enchant weapon
Potions
 h - 5 potions of flight
 t - 2 potions of curing
 z - 2 potions of degeneration
 F - a potion of lignification
Comestibles
 d - 13 rations


   Skills:
 - Level 8.3 Fighting
 + Level 9.3 Polearms
 - Level 7.0 Armour
 - Level 6.0 Dodging
 - Level 6.0 Shields
 - Level 5.3 Spellcasting
 - Level 6.0 Conjurations
 - Level 3.0 Hexes
 - Level 5.0 Charms
 - Level 4.2 Translocations
 + Level 5.5 Fire Magic
 + Level 0.6 Earth Magic


You had one spell level left.
You knew the following spells:

 Your Spells              Type           Power        Failure   Level  Hunger
a - Infusion              Chrm           ####         5%          1    None
b - Shroud of Golubria    Chrm/Tloc      ####......   9%          2    #......
c - Song of Slaying       Chrm           ####....     7%          2    #......
d - Conjure Flame         Conj/Fire      ####....     2%          3    ##.....
e - Force Lance           Conj/Tloc      ####....     10%         4    ####...
f - Tukima's Dance        Hex            ###.....     28%         3    ##.....
g - Bolt of Magma         Conj/Fire/Erth ####......   34%         5    ######.


Dungeon Overview and Level Annotations

Branches:
Dungeon (11/15)            Temple (1/1) D:4            Lair (4/6) D:10
 Spider (0/4) Lair:4          Orc (0/2) D:11
  Swamp: Lair:2-4    Shoals: Lair:2-4

Altars:
Cheibriados
Dithmenos
Elyvilon
Gozag
Hepliaklqana
Kikubaaqudgha
Makhleb
Nemelex Xobeh
Okawaru
Ru
Trog
Uskayaw
Vehumet
Yredelemnul
Zin
The Shining One

Shops:
D:11 (

Annotations:
Lair:3 Rupert; Urug
Lair:4 exclusion: 3 oklob plants, Ratty's ghost, journeyman CeMo


Innate Abilities, Weirdness & Mutations

You have a pair of large horns on your head.
Your flesh is heat resistant. (rF+)
When hurt, damage is shared between your health and your magic reserves.
You regenerate magic rapidly.
When low on magic, you restore magic in place of health.
You are somewhat resistant to further mutation.
You do not regenerate when monsters are visible.
Your spells are a little harder to cast, but a little more powerful.


Message History

Confirm with . or Enter, or press ? or * to list all spells.
Aiming: Force Lance (safe; 10% risk of failure)
Press: ? - help, Shift-Dir - straight line, f - you
Okay, then.
Casting: Force Lance (safe; 10% risk of failure)
Confirm with . or Enter, or press ? or * to list all spells.
Okay, then.
Casting: Force Lance (safe; 10% risk of failure)
Confirm with . or Enter, or press ? or * to list all spells.
Aiming: Conjure Flame (safe; 2% risk of failure)
Press: ? - help, Dir - move target cursor There's already a cloud there!
You see here 2 bolts.
Casting: Conjure Flame (safe; 2% risk of failure)
Confirm with . or Enter, or press ? or * to list all spells.
Aiming: Conjure Flame (safe; 2% risk of failure)
Press: ? - help, Dir - move target cursor The fire ignites!
The yaktaur shoots a bolt.
The bolt barely misses you.
The yaktaur shoots a bolt.
The bolt hits you!!
You die...

# #.......# ### #
#.......# #..
#####.### #.#
##.### #.# #....#
#.# # #....# #.# .#
#....# #§###'##.
#....######§§......
#....(.@§§c§§......
##.#######c§c...%..
#.# #§§§...... ###
##........
#.....;≈. #..≈≈≈≈≈≈
#.≈≈≈≈..≈ #≈≈......
#≈.#####Y


You could see 2 yaktaurs.

Vanquished Creatures
  Josephine (D:10)
  3 hydras
  4 two-headed ogres
  Sonja (D:10)
  A deep troll (D:8)
  Pikel (D:5)
  Psyche (D:8)
  Joseph (D:7)
  2 black mambas
  A centaur skeleton (D:11)
  6 spiny frogs
  A rime drake (Lair:2)
  3 komodo dragons
  A troll (D:9)
  2 hornets (D:10)
  Prince Ribbit (D:8)
  4 hippogriffs
  A wyvern (Lair:2)
  A spriggan (D:9)
  Sigmund (D:2)
  5 wraiths (D:10)
  16 yaks
  2 basilisks (Lair:4)
  A hungry ghost (D:7)
  4 porcupines
  8 water moccasins
  2 hell hounds (D:9)
  4 orc warriors
  3 phantoms
  An ice beast (D:5)
  A sky beast (D:9)
  2 slaves (D:5)
  A black bear (D:11)
  8 wolves
  A centaur (D:6)
  8 crocodiles
  4 big kobolds
  10 bullfrogs
  3 scorpions
  6 killer bees (D:11)
  A howler monkey (D:5)
  4 crimson imps
  A centaur zombie (D:6)
  A quasit (D:8)
  A bullfrog zombie (D:2)
  3 jellies
  Crazy Yiuf (D:6)
  2 orc priests
  A bullfrog skeleton (D:6)
  5 hounds
  11 orc wizards
  Jessica (D:1)
  5 iguanas
  4 worker ants
  A hound skeleton (D:4)
  A worker ant zombie (D:10)
  21 gnolls
  19 adders
  A howler monkey skeleton (D:10)
  2 shadow imps
  An ooze (D:1)
  4 worms (Lair:4)
  2 dart slugs (D:1)
  2 leopard geckos
  48 orcs
  A ball python (D:1)
  6 giant cockroaches
  6 goblins
  13 hobgoblins
  9 jackals
  18 kobolds
  4 bats
  8 frilled lizards
  A leopard gecko zombie (D:6)
  9 rats
  2 fungi (D:6)
347 creatures vanquished.

Vanquished Creatures (others)
  A worker ant zombie (D:5)
  6 fungi
  12 plants (Lair:4)
19 creatures vanquished.

Grand Total: 366 creatures vanquished

Notes
Turn   | Place    | Note
-------+----------+-------------------------------------------
     0 | D:1      | vishdafish the Demonspawn Skald began the quest for the Orb.
     0 | D:1      | Reached XP level 1. HP: 16/16 MP: 3/3
   367 | D:1      | Gained mutation: When hurt, damage is shared between your health and your magic reserves. [demonic ancestry]
   367 | D:1      | Reached XP level 2. HP: 19/22 MP: 0/5
   587 | D:1      | Reached skill level 1 in Armour
   664 | D:2      | Reached skill level 2 in Polearms
   667 | D:2      | HP: 1/22 [hobgoblin/club (1)]
   677 | D:2      | Reached XP level 3. HP: 12/27 MP: 1/6
  1859 | D:2      | Noticed Sigmund
  1991 | D:2      | Noticed Jessica
  2009 | D:1      | Killed Jessica
  2009 | D:1      | Reached skill level 1 in Shields
  2009 | D:1      | Gained mutation: You regenerate magic rapidly. [demonic ancestry]
  2009 | D:1      | Reached XP level 4. HP: 14/34 MP: 1/7
  3013 | D:2      | Killed Sigmund
  3013 | D:2      | Gained mutation: When low on magic, you restore magic in place of health. [demonic ancestry]
  3013 | D:2      | Reached XP level 5. HP: 41/41 MP: 2/8
  3013 | D:2      | Reached XP level 6. HP: 47/47 MP: 2/9
  3254 | D:1      | Reached skill level 3 in Polearms
  4723 | D:5      | Entered Level 5 of the Dungeon
  4822 | D:5      | Found an iron altar of Okawaru.
  5016 | D:5      | Reached XP level 7. HP: 39/53 MP: 10/10
  5184 | D:5      | Found a glowing silver altar of Zin.
  5184 | D:5      | Found a glowing golden altar of the Shining One.
  5185 | D:5      | Found a white marble altar of Elyvilon.
  5549 | D:5      | Found a bloodstained altar of Trog.
  5550 | D:5      | Noticed a moth of wrath
  5635 | D:5      | Noticed Pikel
  5654 | D:5      | Killed Pikel
  5654 | D:5      | Reached skill level 4 in Polearms
  5654 | D:5      | Gained mutation: Your flesh is heat resistant. (rF+) [demonic ancestry]
  5654 | D:5      | Reached XP level 8. HP: 39/61 MP: 9/11
  5917 | D:5      | Found a sparkling altar of Nemelex Xobeh.
  5995 | D:5      | Reached skill level 5 in Shields
  6720 | D:4      | Found a staircase to the Ecumenical Temple.
  7090 | Temple   | Entered the Ecumenical Temple
  7218 | Temple   | Became a worshipper of Vehumet
  7860 | D:6      | Reached skill level 5 in Fighting
  8629 | D:6      | Found a runed door.
  8633 | D:6      | Noticed Crazy Yiuf
  8639 | D:6      | Killed Crazy Yiuf
  8893 | D:7      | Noticed Joseph
  9153 | D:7      | Killed Joseph
  9153 | D:7      | Reached skill level 5 in Polearms
  9153 | D:7      | Reached skill level 5 in Dodging
  9153 | D:7      | Reached XP level 9. HP: 27/68 MP: 8/13
  9472 | D:7      | Reached * piety under Vehumet
  9472 | D:7      | Offered knowledge of Flame Tongue by Vehumet.
  9535 | D:7      | Learned a level 2 spell: Shroud of Golubria
 10149 | D:8      | Noticed a two-headed ogre
 10150 | D:8      | Noticed a deep troll
 10150 | D:8      | a two-headed ogre changed into a deep troll
 10740 | D:8      | Found a hide-covered altar of Uskayaw.
 10748 | D:8      | Noticed Psyche
 10804 | D:8      | Killed Psyche
 11007 | D:8      | Noticed Prince Ribbit
 11020 | D:8      | Killed Prince Ribbit
 11161 | D:8      | Killed a deep troll
 11161 | D:8      | Reached skill level 6 in Polearms
 11566 | D:9      | Reached skill level 5 in Charms
 11651 | D:9      | Gained mutation: You have a pair of small horns on your head. [demonic ancestry]
 11651 | D:9      | Reached XP level 10. HP: 76/76 MP: 17/17
 11669 | D:9      | Noticed a two-headed ogre
 11678 | D:9      | Killed a two-headed ogre
 11678 | D:9      | Reached skill level 5 in Spellcasting
 12505 | D:9      | Offered knowledge of Searing Ray by Vehumet.
 12509 | D:9      | Learned a level 2 spell: Song of Slaying
 12584 | D:9      | Noticed a two-headed ogre
 12592 | D:9      | Killed a two-headed ogre
 12592 | D:9      | Reached ** piety under Vehumet
 12592 | D:9      | Reached skill level 7 in Polearms
 12592 | D:9      | Reached skill level 1 in Translocations
 12984 | D:10     | Entered Level 10 of the Dungeon
 12984 | D:10     | Found a staircase to the Lair.
 13091 | D:9      | Reached skill level 5 in Armour
 13236 | D:9      | Learned a level 3 spell: Conjure Flame
 13293 | D:10     | Noticed a two-headed ogre
 13304 | D:9      | Killed a two-headed ogre
 13304 | D:9      | Reached skill level 1 in Conjurations
 13304 | D:9      | Reached skill level 1 in Fire Magic
 13700 | D:9      | Gained mutation: You have a pair of horns on your head. [demonic ancestry]
 13700 | D:9      | Reached XP level 11. HP: 42/84 MP: 13/19
 13953 | D:10     | Noticed Sonja
 13978 | D:10     | Killed Sonja
 14064 | D:10     | Noticed a two-headed ogre
 14077 | D:10     | Killed a two-headed ogre
 14231 | D:10     | Paralysed by a hornet for 2 turns
 14331 | D:10     | Noticed Josephine
 14384 | Lair:1   | Entered Level 1 of the Lair of Beasts
 14922 | Lair:1   | Noticed a four-headed hydra
 14937 | Lair:1   | Killed a four-headed hydra
 15005 | Lair:1   | Gained mutation: You do not regenerate when monsters are visible. [potion of mutation]
 15005 | Lair:1   | Gained mutation: Your spells are a little harder to cast, but a little more powerful. [potion of mutation]
 15005 | Lair:1   | Gained mutation: You are somewhat resistant to further mutation. [potion of mutation]
 15008 | Lair:1   | Offered knowledge of Static Discharge by Vehumet.
 15927 | Lair:2   | Noticed a seven-headed hydra
 16261 | Lair:2   | Reached *** piety under Vehumet
 16616 | Lair:2   | Reached skill level 8 in Polearms
 16679 | Lair:2   | Killed a seven-headed hydra
 16679 | Lair:2   | Reached skill level 5 in Conjurations
 17249 | Lair:2   | Offered knowledge of Force Lance by Vehumet.
 17255 | Lair:2   | Learned a level 4 spell: Force Lance
 17441 | Lair:2   | Reached skill level 5 in Fire Magic
 17689 | Lair:3   | Gained mutation: You have a pair of large horns on your head. [demonic ancestry]
 17689 | Lair:3   | Reached XP level 12. HP: 86/92 MP: 12/20
 18142 | Lair:3   | Noticed Rupert
 18147 | Lair:3   | Noticed Urug
 18632 | Lair:3   | Found the +8 whip "Snakebite" {curare, rPois}
 18682 | Lair:3   | Paralysed by Rupert for 6 turns
 19742 | Lair:4   | Noticed an eight-headed hydra
 19746 | Lair:4   | Learned a level 3 spell: Tukima's Dance
 19785 | Lair:4   | Killed an eight-headed hydra
 19790 | Lair:4   | Reached skill level 1 in Hexes
 20251 | Lair:4   | Found a hole to the Spider Nest.
 20467 | Lair:4   | Noticed Ratty's ghost (journeyman CeMo)
 20884 | Lair:4   | Reached **** piety under Vehumet
 21473 | D:10     | Killed Josephine
 21537 | D:10     | Reached skill level 9 in Polearms
 22280 | D:11     | Found a burning altar of Makhleb.
 22294 | D:11     | Offered knowledge of Bolt of Magma by Vehumet.
 22301 | D:11     | Learned a level 5 spell: Bolt of Magma
 22327 | D:11     | Found a staircase to the Orcish Mines.
 22479 | D:11     | Noticed a death yak
 23052 | D:11     | Found Plog's Antique Weapon Shop.
 23211 | D:11     | Noticed a death yak
 23215 | D:11     | Shot with a bolt by a yaktaur

Vault maps used:
D:1:      minmay_arrival_four_loops
D:2:      grunt_decor_one_mirror, minivault_25, uniq_sigmund, uniq_jessica
D:4:      minmay_temple_entry_statues_pillars
D:5:      good_gods_mini_temple, tgw_trog, nemelex_xobeh_ov_fountains_minmay,
          first_ration, okawaru_altar_gauntlet_db, uniq_pikel
D:6:      lemuel_flamethrower_2, uniq_crazy_yiuf_cottage
D:7:      nicolae_benzene_ring, uniq_joseph
D:8:      eat_drink_and_be_merry_uskayaw, uniq_prince_ribbit1, uniq_psyche
D:9:      the_bakery
D:10:     minmay_lair_entry_lava, uniq_sonja, uniq_josephine
D:11:     fort_yaktaur, orc_0_dummy, basic_altar, serial_shops,
          nicolae_shop_behind_doors
Temple:   regret_index_temple_sphere_string
Lair:2:   lemuel_fruit_tree
Lair:3:   minmay_guarded_unrand_snakebite, beast_lair_carwin_4,
          infiniplex_staircase_pool, uniq_rupert, uniq_urug
Lair:4:   minmay_swamp_entry_eels, nicolae_spider_entry_non_spiders,
          serial_bayou_shore_a, minmay_lair_oklob_chamber

Skill      XL: |  1  2  3  4  5  6  7  8  9 10 11 12 |
---------------+-------------------------------------+-----
Dodging        | 2 3 4 5 6 |  6.0
Armour         | 1 3 5 6 7 |  7.0
Polearms       | 2 3 4 5 6 7 8 9 |  9.3
Charms         | 3 5 |  5.0
Shields        | 1 2 3 4 6 |  6.0
Fighting       | 3 4 5 7 8 |  8.3
Spellcasting   | 4 5 |  5.3
Translocations | 3 4 |  4.2
Conjurations   | 1 5 6 |  6.0
Fire Magic     | 1 5 |  5.5
Hexes          | 3 |  3.0
Earth Magic    | |  0.6

Action                   |  1- 3 |  4- 6 |  7- 9 | 10-12 || total
-------------------------+-------+-------+-------+-------++-------
Melee: Spear             |   131 |   125 |   149 |       ||   405
       Whip              |       |   108 |   430 |       ||   538
       Short sword       |       |    52 |     6 |       ||    58
       Quarterstaff      |       |       |     2 |       ||     2
       Trident           |       |       |   112 |   914 ||  1026
       Headbutt          |       |       |       |   150 ||   150
       Staff             |       |       |       |     3 ||     3
 Fire: Blowgun           |       |       |       |     9 ||     9
Throw: Throwing net      |       |       |     1 |       ||     1
 Cast: Infusion          |     5 |    11 |     5 |    29 ||    50
       Song of Slaying   |       |       |       |    22 ||    22
       Shroud of Golubri |       |       |       |    35 ||    35
       Force Lance       |       |       |       |    30 ||    30
       Bolt of Magma     |       |       |       |     4 ||     4
       Conjure Flame     |       |       |       |     3 ||     3
       Tukima's Dance    |       |       |       |     2 ||     2
Evoke: Wand              |       |       |     1 |    11 ||    12
  Use: Potion            |     1 |    10 |     1 |     6 ||    18
       Scroll            |     5 |     3 |     7 |    11 ||    26
 Stab: Sleeping          |       |       |     1 |       ||     1
       Held in net/web   |       |       |     1 |       ||     1
       Paralysed         |       |       |       |     3 ||     3
  Eat: Chunk             |     3 |     7 |    15 |    10 ||    35
       Ration            |       |     1 |     3 |    10 ||    14
Armor: Leather armour    |    22 |    78 |    74 |       ||   174
       Skin              |       |    20 |       |       ||    20
       Ring mail         |       |       |    65 |   248 ||   313
Dodge: Dodged            |    69 |   182 |   332 |   450 ||  1033
Block: Buckler           |       |    33 |   196 |   347 ||   576
       Reflection        |       |       |     2 |     9 ||    11
       Other             |       |       |     1 |       ||     1

Table legend:
 A = Spawn XP
 B = Non-spawn XP
 C = Spawn XP percentage of total XP
 D = Spawn monster count
 E = Non-spawn monster count
 F = Spawn count percentage of total count
 G = Total turns spent on level
                    A         B        C        D         E        F      G
               +---------+---------+-------+---------+---------+-------+---------
         Total |       0 |   32681 |   0.0 |       0 |     344 |   0.0 | 23215
               +---------+---------+-------+---------+---------+-------+---------
           D:1 |       0 |     172 |   0.0 |       0 |      29 |   0.0 |  2624
           D:2 |       0 |     328 |   0.0 |       0 |      19 |   0.0 |  1007
           D:3 |       0 |      66 |   0.0 |       0 |      16 |   0.0 |   910
           D:4 |       0 |     315 |   0.0 |       0 |      16 |   0.0 |   977
           D:5 |       0 |    1073 |   0.0 |       0 |      26 |   0.0 |  2031
           D:6 |       0 |     524 |   0.0 |       0 |      20 |   0.0 |  1373
           D:7 |       0 |     772 |   0.0 |       0 |      18 |   0.0 |  1207
           D:8 |       0 |    1588 |   0.0 |       0 |      11 |   0.0 |  1076
           D:9 |       0 |    5965 |   0.0 |       0 |      38 |   0.0 |  2476
          D:10 |       0 |    5412 |   0.0 |       0 |      43 |   0.0 |  1742
          D:11 |       0 |    2296 |   0.0 |       0 |      37 |   0.0 |   591
        Temple |       0 |      11 |   0.0 |       0 |       1 |   0.0 |   157
        Lair:1 |       0 |    3332 |   0.0 |       0 |      13 |   0.0 |  1946
        Lair:2 |       0 |    4290 |   0.0 |       0 |      22 |   0.0 |  1494
        Lair:3 |       0 |    4328 |   0.0 |       0 |      22 |   0.0 |  2392
        Lair:4 |       0 |    2209 |   0.0 |       0 |      13 |   0.0 |  1212
               +---------+---------+-------+---------+---------+-------+---------
